 Dungeon Crawl Stone Soup version 0.20.1-1-g8b1a95d (webtiles) character file.

585 Charly the Digger (level 7, -2/48 HPs)
             Began as a Vine Stalker Earth Elementalist on July 23, 2017.
             Slain by a killer bee (3 damage)
             ... on level 5 of the Dungeon.
             The game lasted 00:10:43 (885 turns).

Charly the Digger (Vine Stalker Earth Elementalist)  Turns: 885, Time: 00:10:43

Health: -2/48      AC: 23    Str: 11    XL:     7   Next: 37%
Magic:  0/13       EV:  2    Int: 15    God:
Gold:   27         SH:  0    Dex: 16    Spells: 2/13 levels left

rFire    . . .     SeeInvis .   f - +1 dagger
rCold    + . .     Gourm    .   (no shield)
rNeg     + + +     Faith    +   (armour currently unavailable)
rPois    +         Spirit   +   (helmet currently unavailable)
rElec    .         Reflect  .   (cloak currently unavailable)
rCorr    .         Harm     .   (gloves currently unavailable)
MR       .....     NoTele   +   (boots currently unavailable)
Stlth    ++........             m - amulet of faith
Regen    0.6/turn               o - ring of flight
MPRegen  0.2/turn               q - ring of protection from cold

@: lethally poisoned (-2 -> -3), tree-form
A: regeneration 1, magic shield, no potion heal 3, rot immunity
a: no special abilities


You were on level 5 of the Dungeon.
You were not hungry.
You were a tree.
You visited 1 branch of the dungeon, and saw 6 of its levels.

You collected 27 gold pieces.

Inventory:

Hand Weapons
 f - a +1 dagger (weapon)
Missiles
 b - 32 stones (quivered)
Armour
 a - a +1 plate armour of cold resistance
 c - a +0 robe (melded)
 l - a +0 pair of gloves (melded)
 u - a +0 helmet (melded)
Jewellery
 m - an amulet of faith (around neck)
 o - a ring of flight (left branch)
 q - a ring of protection from cold (right branch)
 s - an uncursed amulet of the gourmand {unknown}
Wands
 k - a wand of scattershot (0/9)
Books
 e - a book of Geomancy

   Spells                             Type                      Level
   a - Sandblast                      Earth                        1
   b - Passwall                       Transmutation/Earth          2
   c - Stone Arrow                    Conjuration/Earth            3
   d - Petrify                        Transmutation/Earth          4
   e - Lee's Rapid Deconstruction     Earth                        5
Comestibles
 d - 3 bread rations
 n - a meat ration


   Skills:
 - Level 1.5 Dodging
 - Level 2.4 Stealth
 - Level 3.7 Spellcasting
 - Level 1.0 Transmutations
 + Level 7.7 Earth Magic


You had 2 spell levels left.
You knew the following spells:

 Your Spells              Type           Power        Failure   Level  Hunger
a - Stone Arrow           Conj/Erth      ##....       12%         3    ###....
b - Sandblast             Erth           ####..       1%          1    None
d - Lee's Rapid Deconstr  Erth           ####......   22%         5    ######.
p - Passwall              Tmut/Erth      ###.......   4%          2    ##.....


Dungeon Overview and Level Annotations

Branches:
Dungeon (6/15)             Temple (0/1) D:5

Altars:
Kikubaaqudgha
Nemelex Xobeh
Okawaru

Shops:
D:5 [!


Innate Abilities, Weirdness & Mutations

((You have extremely sharp teeth.))
Your natural rate of healing is unusually fast.
When hurt, damage is shared between your health and your magic reserves.
((Your bite disrupts and absorbs the magic of your enemies.))
Potions cannot restore your health.
You are immune to rotting.


Message History

The killer bee stings you but does no damage.
The killer bee stings you.
* * * LOW HITPOINT WARNING * * *
You are poisoned.
The killer bee poisons you!
You barely miss the killer bee.
The killer bee is heavily wounded.
You feel sick.
The killer bee stings you but does no damage.
The killer bee stings you.
* * * LOW HITPOINT WARNING * * *
Unknown command.
Are you sure you want to abandon this character and quit the game? (Confirm with "yes".)
Okay, then.
Drop what? 14/52 slots (_ for help) (? for menu, Esc to quit)
Okay, then.
You swing at nothing.
* * * LOW HITPOINT WARNING * * *
You feel sick. The killer bee stings you.
You die...

.# #o.# ....
...#..#######
#....oy♣).#
.>.....####.#
#..)/.. #)#
...#... #.#
....... #.#
....... #.#
....... #.#
.. .......
#.# .. ..#
#.# #. ..#


You could see a killer bee and an orc.

Vanquished Creatures
  A phantom (D:4)
  2 ogres (D:4)
  A scorpion (D:4)
  2 killer bees (D:5)
  A crimson imp (D:5)
  A hound (D:5)
  A centaur skeleton (D:4)
  An orc priest (D:5)
  2 worker ants (D:5)
  An adder zombie (D:5)
  An adder skeleton (D:4)
  6 orcs
  2 giant cockroaches
  A goblin (D:3)
  4 jackals
  A bat (D:2)
  2 frilled lizards (D:4)
  A rat (D:3)
31 creatures vanquished.

Notes
Turn   | Place    | Note
-------+----------+-------------------------------------------
     0 | D:1      | Charly the Vine Stalker Earth Elementalist began the quest for the Orb.
     0 | D:1      | Reached XP level 1. HP: 9/9 MP: 4/4
   236 | D:3      | Found an ancient bone altar of Kikubaaqudgha.
   254 | D:3      | Found a sparkling altar of Nemelex Xobeh.
   377 | D:3      | Reached XP level 2. HP: 13/13 MP: 1/6
   449 | D:4      | Reached skill level 4 in Earth Magic
   449 | D:4      | Reached XP level 3. HP: 16/16 MP: 5/7
   451 | D:4      | Noticed an ogre
   464 | D:4      | Killed an ogre
   464 | D:4      | Reached skill level 5 in Earth Magic
   464 | D:4      | Gained mutation: Your natural rate of healing is unusually fast. [Vine Stalker growth]
   464 | D:4      | Reached XP level 4. HP: 21/21 MP: 6/8
   466 | D:4      | Noticed a phantom
   478 | D:4      | Killed a phantom
   478 | D:4      | Reached skill level 6 in Earth Magic
   478 | D:4      | Reached XP level 5. HP: 23/24 MP: 5/9
   483 | D:4      | Learned a level 3 spell: Stone Arrow
   486 | D:4      | Learned a level 2 spell: Passwall
   537 | D:4      | Noticed an ogre
   545 | D:4      | Killed an ogre
   545 | D:4      | Reached XP level 6. HP: 28/28 MP: 2/11
   618 | D:5      | Entered Level 5 of the Dungeon
   620 | D:5      | Got a faintly glowing short sword
   621 | D:5      | Identified the +4 short sword of Iziris {antimagic, rN++} (You found it on level 5 of the Dungeon)
   661 | D:5      | Found Xoelijodu's Armour Shoppe.
   671 | D:5      | Found an iron altar of Okawaru.
   713 | D:5      | Found Weahup's Distillery.
   794 | D:6      | Noticed an orc warrior
   809 | D:5      | Reached XP level 7. HP: 13/32 MP: 1/13
   816 | D:5      | Learned a level 5 spell: Lee's Rapid Deconstruction
   846 | D:5      | Found a staircase to the Ecumenical Temple.
   848 | D:5      | Reached skill level 7 in Earth Magic
   884 | D:5      | HP: 1/48 [killer bee (6)]
   885 | D:5      | Slain by a killer bee

Skill      XL: |  1  2  3  4  5  6  7 |
---------------+----------------------+-----
Earth Magic    | 4 5 6 7 |  7.7
Spellcasting   | 3 |  3.7
Dodging        | |  1.5
Stealth        | |  2.4
Transmutations | |  1.0

Action                   |  1- 3 |  4- 6 |  7- 9 || total
-------------------------+-------+-------+-------++-------
Melee: Dagger            |     4 |    47 |    14 ||    65
       Bite              |     1 |    15 |       ||    16
 Cast: Sandblast         |     9 |    26 |     6 ||    41
       Stone Arrow       |       |     4 |       ||     4
       Passwall          |       |     2 |       ||     2
       Lee's Rapid Decon |       |       |     1 ||     1
Evoke: Wand              |       |     2 |     2 ||     4
  Use: Scroll            |     1 |     4 |       ||     5
       Potion            |       |       |     3 ||     3
 Stab: Sleeping          |     2 |       |       ||     2
  Eat: Fruit             |     1 |       |       ||     1
Armor: Robe              |     2 |    11 |     2 ||    15
       Skin              |       |       |    23 ||    23
Dodge: Dodged            |     3 |    47 |     6 ||    56
